Cogmind - Beta 13 @@@ ROGUE MODE // 2024.04.11 @ 16:22:42 Player: Lusvit Result: Destroyed by D-53 Grenadier with Mini Grenade Launcher Performance ------------- Evolutions (1) 500 Regions Visited (3) 600 Robots Destroyed (30) 150 Value Destroyed (697) 697 Prototype IDs (0) 0 Alien Tech Used (0) 0 Bonus (0) 0 TOTAL SCORE: 1947 Bonus ------- None Cogmind --------- Core Integrity 0/400 Matter 319/500 Energy 121/125 System Corruption 0% Temperature Cool (0) Movement Hovering (180) Ox2 Location -9/Mines Parts ------- > --- POWER (2) -------- Light Ion Engine > --- PROPULSION (2) --- Hover Unit > --- UTILITY (3) ------ Heat Sink High-capacity Matter Pod Signal Interpreter > --- WEAPON (2) ------- EMP Blaster Mining Laser > --- INVENTORY (5) ---- Mining Laser Peak State ------------ > --- POWER ------------ Improved Ion Engine > --- PROPULSION ------- Improved Treads Improved Treads > --- UTILITY ---------- High-capacity Matter Pod Terrain Scanner > --- WEAPON ----------- Grenade Launcher Grenade Launcher > --- INVENTORY -------- Ion Engine Improved Ion Engine Medium Armor Plating Medium Armor Plating [Rating: 10] Favorites ----------- Power Light Ion Engine Engine Light Ion Engine Propulsion Flight Unit Treads Improved Treads Leg Aluminum Leg Hover Unit Hover Unit Flight Unit Flight Unit Utility High-capacity Matter Pod Device Terrain Scanner Storage High-capacity Matter Pod Processor Signal Interpreter Protection Medium Armor Plating Weapon Grenade Launcher Energy Gun Small Laser Ballistic Gun Light Assault Rifle Launcher Grenade Launcher Special Weapon Mining Laser Build | -11 -10 -9 -9 ------- Run | Yrd Mat Mat Min Slots Evolved 2 | . . 2 . Power 1 | . . 1 . Propulsion . | . . . . Utility 1 | . . 1 . Weapon . | . . . . Parts Attached 37 | 6 10 19 2 Power 8 | 2 1 5 . Engine 8 | 2 1 5 . Core . | . . . . Reactor . | . . . . Propulsion 10 | 2 4 4 . Treads 2 | . 2 . . Leg 2 | 2 . . . Wheel . | . . . . Hover 1 | . . 1 . Flight 5 | . 2 3 . Utility 7 | . 3 3 1 Device 2 | . 1 . 1 Storage 2 | . 1 1 . Processor 2 | . 1 1 . Hackware . | . . . . Protection 1 | . . 1 . Artifact . | . . . . Weapon 12 | 2 2 7 1 Energy Gun 3 | 1 . 2 . Energy Cannon . | . . . . Ballistic Gun 3 | 1 . 2 . Ballistic Cannon . | . . . . Launcher 3 | . 2 . 1 Special Weapon 3 | . . 3 . Impact Weapon . | . . . . Slashing Weapon . | . . . . Piercing Weapon . | . . . . Special Melee Weapon . | . . . . Unidentified Prototypes . | . . . . Parts Lost 12 | . . 11 1 Power 4 | . . 3 1 Propulsion 2 | . . 2 . Utility 2 | . . 2 . Weapon 4 | . . 4 . Highest Loss Streak 6 | . . 6 1 To Critical Strikes . | . . . . Average Slot Usage (%) 81 | . 96 72 87 Engine 17 | . 14 17 22 Treads 5 | . 11 3 . Leg 3 | . 13 . . Hover 2 | . . 1 11 Flight 5 | . 3 7 . Device 7 | . 10 6 9 Storage 13 | . 11 14 12 Processor 2 | . 2 1 11 Protection 2 | . . 4 . Energy Gun 5 | . 2 7 . Ballistic Gun 3 | . 2 5 . Launcher 8 | . 23 2 1 Special Weapon 3 | . . . 20 Naked Turns . | . . . . Heaviest Build 26 | 9 18 26 16 Greatest Support 46 | 20 46 46 6 Greatest Overweight (x) 6 | . 1 6 2 Average Overweight (x) 1 | . . 2 2 Largest Inventory Capacity 5 | 5 5 5 5 Average Capacity 5 | 5 5 5 5 Most Carried 5 | 2 5 4 1 Average Carried 1 | . 2 . . Final Capacity 5 | 5 5 5 5 Final Carried 3 | 1 3 . 1 Class Distribution -------------------- 50% | Scavenger-Mutant 49% | Mutant Dominant Class ---------------- Mutant | -10/Materials Scavenger-Mutant | -9/Materials Scavenger-Mutant | -9/Mines Resources | -11 -10 -9 -9 ----------- Run | Yrd Mat Mat Min Matter Collected 819 | 262 78 437 42 Remotely . | . . . . Salvage Created 606 | 43 201 341 21 Parts 62 | 3 25 32 2 Haulers Intercepted . | . . . . Recyclers Shooed 1 | . 1 . . Parts Field Recycled . | . . . . Retrieved Matter . | . . . . Parts Self-Destructed . | . . . . Prevented . | . . . . Kills | -11 -10 -9 -9 ------- Run | Yrd Mat Mat Min Combat Hostiles Destroyed 22 | 1 9 10 2 Guns 10 | 1 . 9 . Cannons 2 | . . . 2 AOE 10 | . 9 1 . Classes Destroyed 7 | 1 5 1 . Worker 3 | . 1 2 . Tunneler 1 | . 1 . . Operator 2 | . 1 1 . Watcher 2 | . 1 1 . Swarmer 8 | . 3 5 . Grunt 13 | 1 6 4 2 Sentry 1 | . . 1 . Best Kill Streak 6 | 1 4 6 2 Combat Bots Only 4 | 1 3 4 2 Max Kills in Single Turn 3 | 1 3 1 1 Gunslinging . | . . . . Exploded 3 | . 3 1 . Melee . | . . . . Uniques/NPCs Destroyed . | . . . . Combat | -11 -10 -9 -9 -------- Run | Yrd Mat Mat Min Hostile Shots Fired 210 | 5 13 182 10 Missed 58 | 2 4 51 1 Damage Taken 1647 | 32 182 1244 189 Core 463 | . 62 352 49 Absorbed by Shields . | . . . . Core Remaining (%) 87 | 100 75 . . Volleys Fired 74 | 4 11 55 4 Largest 2 | 2 2 2 2 Hottest 200 | 60 60 60 200 Shots Fired 104 | 8 23 66 7 Gun 74 | 8 4 62 . Cannon . | . . . . Launcher 24 | . 19 4 1 Special 6 | . . . 6 Kinetic 31 | 4 2 25 . Thermal 43 | . . 37 6 Explosive 23 | . 19 4 . Electromagnetic 7 | 4 2 . 1 Robot Hit Streak 9 | 2 4 9 5 Robot Miss Streak 3 | 3 2 3 1 Penetration Max . | . . . . Secondary Targets . | . . . . Shots Hit Robots 61 | 4 9 44 4 Core Hits 49 | 1 21 22 5 Critical Kills . | . . . . Critical Parts Destroyed . | . . . . Critical Strikes . | . . . . Melee Attacks . | . . . . Impact . | . . . . Slashing . | . . . . Piercing . | . . . . Sneak Attacks . | . . . . Combat Hostiles . | . . . . Follow-up Attacks . | . . . . Damage Inflicted 1559 | 68 833 534 124 Guns 532 | 68 . 464 . Cannons . | . . . . Explosions 931 | . 833 70 28 Melee . | . . . . Ramming . | . . . . Kinetic 191 | 41 . 150 . Thermal 410 | . . 314 96 Explosive 903 | . 833 70 . Electromagnetic 55 | 27 . . 28 Impact . | . . . . Slashing . | . . . . Piercing . | . . . . Highest Corruption 2 | . 2 . . Average Corruption 1 | . 1 . . Corruption Purged . | . . . . Corruption Blocked . | . . . . Effects 7 | . 7 . . Message Errors 1 | . 1 . . Matter Fused 2 | . 2 . . Data Loss (minor) 2 | . 2 . . Misfires 1 | . 1 . . Alerts 1 | . 1 . . Overload Shots . | . . . . Overflow Damage 24 | . 24 . . Projectiles . | . . . . Explosions 24 | . 24 . . Melee . | . . . . Knockbacks . | . . . . Impact . | . . . . Kinetic . | . . . . Secondary . | . . . . Self-Inflicted Damage 74 | . 61 4 9 Shots 5 | . 3 1 1 Rammed 1 | . . 1 . Targets Rammed 1 | . . 1 . Kicked . | . . . . Crushed . | . . . . Highest Temperature 282 | 18 33 282 252 Average Temperature 83 | 14 13 91 127 Received Heat Transfer 363 | 18 63 219 63 Effects 1 | . . 1 . Energy Bleed 1 | . . 1 . Siege Activations . | . . . . Robots Corrupted . | . . . . Combat Hostiles . | . . . . Parts Fried . | . . . . Impact Corruptions . | . . . . Robots Melted . | . . . . Combat Hostiles . | . . . . Parts Melted 5 | . . 5 . Heat Transferred 900 | . . 700 200 Parts Sabotaged . | . . . . Parts Stolen . | . . . . Parts Stripped . | . . . . Power Chain Reactions . | . . . . Alert | -11 -10 -9 -9 ------- Run | Yrd Mat Mat Min Peak Influence 283 | 20 283 217 73 Initial 74 | . 13 74 8 Average 103 | 4 132 107 68 Maximum Alert Level 1 | . 1 1 . Low Security (%) 78 | 100 57 81 100 Level 1 21 | . 42 18 . Level 2 . | . . . . Level 3 . | . . . . Level 4 . | . . . . Level 5 . | . . . . High Security . | . . . . Max Security . | . . . . Squads Dispatched 4 | . 2 2 . Investigation . | . . . . Extermination . | . . . . Reinforcement 4 | . 2 2 . Assault . | . . . . Garrison . | . . . . Intercept . | . . . . Searches Triggered . | . . . . Construction Impeded . | . . . . Haulers Reinforced . | . . . . Active Scanning Responses . | . . . . Cargo Convoy Interrupts . | . . . . Stealth | -11 -10 -9 -9 --------- Run | Yrd Mat Mat Min Distress Signals . | . . . . Communications Jammed . | . . . . Distress Signals . | . . . . Times Spotted 33 | 1 14 14 4 Peak Tracking Total 4 | 1 3 4 2 Tactical Retreats . | . . . . Traps | -11 -10 -9 -9 ------- Run | Yrd Mat Mat Min Traps Triggered 3 | . 2 1 . Indirectly . | . . . . Trap Hack Attempts . | . . . . Triggered . | . . . . Disarmed . | . . . . Reprogrammed . | . . . . Reused . | . . . . Traps Extracted . | . . . . Installed . | . . . . Triggered . | . . . . Machines | -11 -10 -9 -9 ---------- Run | Yrd Mat Mat Min Machines Disabled 3 | . 1 1 1 Max in Single Turn 1 | . 1 1 1 Machines Repaired . | . . . . Machines Dismantled . | . . . . Machines Sabotaged . | . . . . Overloaded Fab Kills . | . . . . Hacking | -11 -10 -9 -9 --------- Run | Yrd Mat Mat Min Machines Accessed . | . . . . Terminals . | . . . . Fabricators . | . . . . Repair Stations . | . . . . Recycling Units . | . . . . Scanalyzers . | . . . . Garrison Access . | . . . . Total Hacks . | . . . . Successful . | . . . . Failed . | . . . . Catastrophic . | . . . . Database Lockouts . | . . . . Manual . | . . . . Terminals . | . . . . Fabricators . | . . . . Repair Stations . | . . . . Recycling Units . | . . . . Scanalyzers . | . . . . Garrison Access . | . . . . Terminal Hacks . | . . . . Fabricator Hacks . | . . . . Repair Station Hacks . | . . . . Recycling Unit Hacks . | . . . . Scanalyzer . | . . . . Garrison Access Hacks . | . . . . Unauthorized Hacks . | . . . . Terminals . | . . . . Fabricators . | . . . . Repair Stations . | . . . . Recycling Units . | . . . . Scanalyzers . | . . . . Garrison Access . | . . . . Data Cores Recovered . | . . . . Used . | . . . . Hacking Detections . | . . . . Full Trace Events . | . . . . Feedback Events . | . . . . Feedback Blocked . | . . . . Robot Schematics Acquired . | . . . . Robots Built . | . . . . Authchips . | . . . . Time . | . . . . Total Robot Build Rating . | . . . . Part Schematics Acquired . | . . . . Parts Built . | . . . . Authchips . | . . . . Time . | . . . . Total Part Build Rating . | . . . . Parts Repaired . | . . . . Time . | . . . . Parts Recycled . | . . . . Recycled Matter . | . . . . Retrieved Matter . | . . . . Retrieved Components . | . . . . Parts Scanalyzed . | . . . . Part Schematics Acquired . | . . . . Parts Damaged . | . . . . Bothacking | -11 -10 -9 -9 ------------ Run | Yrd Mat Mat Min Used RIF Installer . | . . . . Robots Hacked . | . . . . Non-combat . | . . . . Combat . | . . . . Robot Hacks Applied . | . . . . Relay Couplers Released . | . . . . Fabnet Peak Effective % . | . . . . Robots Rewired . | . . . . Allies Hacked . | . . . . Hacks Repelled . | . . . . Allies | -11 -10 -9 -9 -------- Run | Yrd Mat Mat Min Total Allies . | . . . . Largest Group . | . . . . Highest-Rated Group . | . . . . Highest-Rated Ally . | . . . . Total Orders . | . . . . Ally Attacks . | . . . . Total Damage . | . . . . Kills . | . . . . Allies Corrupted . | . . . . Allies Melted . | . . . . Intel | -11 -10 -9 -9 ------- Run | Yrd Mat Mat Min Robot Analysis Total . | . . . . Derelict Logs Recovered . | . . . . Drone Launches . | . . . . Drone Recoveries . | . . . . Exploration | -11 -10 -9 -9 ------------- Run | Yrd Mat Mat Min Turns Passed 1715 | 90 461 932 232 Spaces Moved 763 | 67 297 286 113 Core 33 | 20 . 13 . Treads 186 | . 108 78 . Legs 205 | 47 158 . . Wheels . | . . . . Hover 161 | . . 48 113 Flight 178 | . 31 147 . Fastest Speed 37 | 50 117 37 180 Average Speed 189 | 99 134 271 180 Slowest Speed 520 | 120 160 520 180 Overloaded Moves . | . . . . Propulsion Burnouts . | . . . . Robots Hopped . | . . . . Cave-ins Triggered . | . . . . Exploration Rate (%) 30 | 7 59 23 32 Regions Visited 3 Branch Regions 1 Pre-discovered Areas . | . . . . Known Exits Taken 1 | . . 1 . Unknown Exits Taken 2 | 1 1 . . Scrap Searched 1 | . . . 1 Spaces Dug . | . . . . Terrain Destroyed 117 | . 97 20 . Melee . | . . . . Projectile . | . . . . AOE 117 | . 97 20 . Terrain Rammed . | . . . . Walls Destroyed . | . . . . Machines Disabled . | . . . . Actions | -11 -10 -9 -9 --------- Run | Yrd Mat Mat Min Total 927 | 82 341 382 122 Wait . | . . . . Move 760 | 66 296 285 113 Hop . | . . . . Pick Up 38 | 6 13 17 2 Fast Attach . | . . . . Attach 30 | 5 6 18 1 Detach 3 | . 3 . . Swap 7 | 1 4 1 1 Drop 14 | . 8 5 1 Fire 74 | 4 11 55 4 Melee . | . . . . Ram 1 | . . 1 . Kick . | . . . . Crush . | . . . . Escape Stasis . | . . . . Rewire . | . . . . Trap . | . . . . Miscellaneous . | . . . . Route ------- -11/Scrapyard -10/Materials (discovered 2 exits: [*Mat x2]) -9/Materials -9/Mines History --------- Turn | Location | Event 2 | -11/Scrapyard | Met Revision 17 55 | -11/Scrapyard | Discovered new exit (range 8) 91 | -11/Scrapyard | Entered Materials 314 | -10/Materials | Discovered new exit (range 13) 315 | -10/Materials | Build established: Mutant 530 | -10/Materials | Discovered new exit (range 10) 552 | -10/Materials | Entered another Materials area 552 | -9/Materials | Evolved 2 slots: Power x1, Utility x1 702 | -9/Materials | Lost 4 parts (1p1n2w) 1088 | -9/Materials | Build established: Scavenger-Mutant 1178 | -9/Materials | Core integrity fell below 50% 1196 | -9/Materials | Core integrity fell below 20% 1221 | -9/Materials | Lost 6 parts (2p1n1u2w) 1443 | -9/Materials | Discovered new exit (range 14) 1465 | -9/Materials | Identified exit to Mines 1484 | -9/Materials | Entered Mines 1709 | -9/Mines | Assembled infested the area 1716 | -9/Mines | Destroyed by D-53 Grenadier with Mini Grenade Launcher Last Messages --------------- Seismic Survey Station disabled. G-47 Trooper destroyed. Acquired 21 matter. Acquired Heat Sink. Dropped Med. Matter Pod. T-07 Excavator is excavating. Searching scrap... Found Autogun. Found Targeting Computer. Found EMP Blaster. Found Lgt. EM Pulse Cannon. Found 21 Matter. Acquired 21 matter. Acquired EMP Blaster. T-07 Excavator is excavating. ALERT: Infestation in the mines, dispatching Demolisher response squad. C-30 ARC bursts open, deploying its payload. D-53 Grenadier unfolds itself. Lgt. Ion Engine destroyed. Map ----- +----------------------------------------------------+ | ?????????????????????????????????????????????????? | | ?????????????????????????????????????????????????# | | ?????????????????????????????????????????????????# | | ??????????????????????????????????????????######## | | ???????????????????????????????????# | | ??????????????????????????????????????????######## | | ?????????????????????????????????????????????????# | | ?????????????????????????????????????????????????# | | ????????????????????????????????????????????###### | | ????????????????????????????????????????????# | | ?????????????????????????? ?????????????????# | | ?????????????????????????? ?????????????##### ### | | ?????????????????????????? ?????????????# ##? | | ?????????????????????????? ?????????????# ## | | ?????????????????????????? ?????????????#### # | | ?????????????????????????? ????????????????## # | | ?????????????????????????? #????????????????# # | | ?????????????????????????# #????????????????# # | | ?????????????????????????# #??????????####??## # | | ?????????????????????????# #?????????## ##### | | ?????????????????????????# #?????????# ## | | ?????????????????????????# ##????????# | | ???????????????????????### ##???????# | | ??????????????????????## ######### ## | | ????????????????????### t #?# # | | ????????????????????# d @ # ######## ### # | | ????????????????????# d # #??????# ## | | ????????????????????# k# ### #??????# """ ##? | | ????????????????????# ?####?# #####??# """ ##?# | | ????????????????????#???????# ## ##?## """ ##?## | | ????????????????????????????# # ##?# """ #?## | | ????????????????????????????# ## #### | | ????????????????????????????#### ###### | | ???????????????????????????????## ##??## | | ????????????????????????????????## ##?### | | ?????????????????????????????????## ##?## | | ??????????????????????????????????# ##?## | | ??????????????????????????????????# #??# | | ??????????????????????????????????#[ #### ### | | ??????????????????????????????????# ##?## | | ??????????????????????????????????#!] #???# | | ??????????????????????????????????## ########???? | | ???????????????????????????????????# #??????????? | | ???????????????????????????????????# #??????????? | | ???????????????????????????????????# #??????????? | | ???????????????????????????????????# #??????????? | | ??????????????????????????????????? ??????????? | | ???????????????????????????????????####??????????? | | ?????????????????????????????????????????????????? | | ?????????????????????????????????????????????????? | +----------------------------------------------------+ Best States ------------- Heat Dissipation 38 Energy Generation 17 Energy Capacity 415 Matter Stores 336 Matter Capacity 600 Sight Range 16 Terrain Scan Range 14 Terrain Scan Density 10 Armor Coverage 225 Evasion (%) 55 Recoil Reduction 2 Item Schematics ----------------- None Robot Schematics ------------------ None Fabricated ------------ Nothing Alien Tech Used ----------------- None Achievements -------------- Oops Challenges ------------ None Game ------ Seed HardcellAlphaFlamer Manual? 0 Play Time 00:21:55 Cumulative 1.6 hours Start 2024.04.11 @ 15:59:32 End 2024.04.11 @ 16:22:42 Sessions 1 Manual Loads 0 Difficulty Rogue Special Mode None Game No. 2 Rogue 2 Adventurer 0 Explorer 0 Win Type - Total 0 Types 0/0/0/0/0/0/0/0/0 Lore% 3 Gallery% 4 Achievement% 5 Wizard Run 0 Options --------- Layout 1 ASCII 0 Keyboard 0 Movement Mouse Keybinds 0 Fullscreen 1 Font 24/Smallcaps Map View 50x35 Zoom Use 0% Tactical HUD 0 Map Filters NONE Filters NONE Steam 1 RUN: 925e1904-4dd0-46cb-8322-40d75d0e3f0a